 Dungeon Crawl Stone Soup version 0.30-a0-4-ga7cffc901d (webtiles) character file.

Game seed: 11167771471259907910

410 Setbun the Slicer (level 7, 0/40 HPs)
             Began as a Kobold Brigand on Aug 21, 2022.
             Slain by a water moccasin (8 damage)
             ... on level 4 of the Dungeon.
             The game lasted 00:02:13 (3362 turns).

Setbun the Slicer (Kobold Brigand)                  Turns: 3362, Time: 00:02:14

Health: 0/40       AC:  4    Str:  8    XL:     7   Next: 13%
Magic:  7/7        EV: 14    Int: 13    God:
Gold:   197        SH:  0    Dex: 18    Spells: 6/6 levels left

rFire   . . .      SeeInvis .    h - +0 dagger (venom)
rCold   . . .      Faith    .    (no shield)
rNeg    . . .      Spirit   .    b - +0 robe
rPois   .          Reflect  .    (no helmet)
rElec   .          Harm     .    c - +0 cloak
rCorr   .          Rampage  .    s - +0 pair of gloves
Will    .....                    (no boots)
Stlth   ++++......               (no amulet)
HPRegen 0.13/turn                (no ring)
MPRegen 0.10/turn                (no ring)

@: lethally poisoned (0 -> -12)
A: small, no large weapons, nightstalker 3
a: no special abilities


You were on level 4 of the Dungeon.
You visited 1 branch of the dungeon, and saw 4 of its levels.

You collected 197 gold pieces.

Inventory:

Hand Weapons
 a - a +2 dagger
 f - a +4 short sword of venom
 h - a +0 dagger of venom (weapon)
Missiles
 d - 31 poisoned darts (quivered)
 e - 3 curare-tipped darts
Armour
 b - a +0 robe (worn)
 c - a +0 cloak (worn)
 s - a +0 pair of gloves (worn)
Wands
 o - a wand of flame (15)
Scrolls
 l - a scroll of identify
 m - 3 scrolls of teleportation {unknown}
 n - a scroll of immolation {unknown}
 p - a scroll of magic mapping {unknown}
 q - a scroll of vulnerability {unknown}
 t - 3 scrolls of fog {unknown}
 w - a scroll of amnesia {unknown}
Potions
 g - a potion of berserk rage
 i - 3 potions of curing {unknown}
 j - a potion of magic {unknown}
 k - 4 potions of lignification {unknown}
 r - a potion of degeneration {unknown}
 u - 2 potions of resistance {unknown}
 v - 2 potions of attraction {unknown}


   Skills:
 - Level 2.1 Fighting
 * Level 9.4 Short Blades
 - Level 2.1 Throwing
 - Level 1.2 Dodging
 - Level 5.3 Stealth


You had 6 spell levels left.
You didn't know any spells.
Your spell library was empty.

Dungeon Overview and Level Annotations

Branches:
Dungeon (4/15)
 Temple: D:4-7

Altars:

Annotations:
D:4 Sigmund


Innate Abilities, Weirdness & Mutations

You are small and have problems with some larger weapons.
You are completely attuned to the shadows.


Message History

No target in view!
d - 31 poisoned darts (gained 8)
Things that are here:
a +0 dagger; a kobold corpse A water moccasin comes into view.
Found a scroll labelled INAKAEN YGGUO.
A water moccasin is nearby!
The water moccasin hisses angrily.
Sigmund the Dreaded comes into view.
He is wielding a +0 scythe.
You closely miss the water moccasin.
You punch the water moccasin, but do no damage.
The water moccasin barely misses you. The water moccasin misses you.
The water moccasin attacks as you move away!
The water moccasin completely misses you.
The water moccasin bites you.
You are poisoned.
The water moccasin poisons you!
You feel very sick.
Sigmund is suddenly surrounded by pale blue light.
You feel very sick. The water moccasin bites you.
You are more poisoned.
The water moccasin poisons you!
This is a scroll of acquirement!
Something appears at your feet!
You feel very sick. The water moccasin closely misses you.
f - a +4 short sword of venom You feel very sick.
The water moccasin bites you.
Sigmund hits you from afar with a +0 scythe.
As you read the scroll labelled MEMUATSUPTO, it crumbles to dust.
It is a scroll of identify.
g - a potion of berserk rage You feel very sick.
The water moccasin bites you.
* * * LOW HITPOINT WARNING * * *
The water moccasin bites you!
You die...

#.#.####....#?..#
#.#.##......#...#
#.#.##.#....#...#
#.#.##.#....#...#####
#......######....)..#
#######.#########......#
................#@.....#
........#######.#S.....#
......†.# #.@......#
........# ##.......#
........# #.......
........# .......
........# ......
#########


You could see a water moccasin and Sigmund.

Vanquished Creatures
  A necrophage (D:4)
  2 scorpions (D:4)
  The ghost of purpskrrrp the Digger, a weakling GrEE of Qazlal (D:3)
  2 hounds (D:4)
  Natasha (thrice) (D:2)
  An adder (D:2)
  A worm (D:2)
  2 dart slugs
  6 endoplasms
  3 giant cockroaches
  2 goblins
  4 hobgoblins
  3 jackals (D:1)
  2 kobolds
  A quokka (D:1)
  6 ball pythons
  5 bats
  3 frilled lizards
  2 rats
50 creatures vanquished.

Notes
Turn   | Place    | Note
-------+----------+-------------------------------------------
     0 | D:1      | Setbun the Kobold Brigand began the quest for the Orb.
     0 | D:1      | Reached XP level 1. HP: 12/12 MP: 1/1
    19 | D:1      | Reached skill level 3 in Short Blades
    68 | D:1      | Reached XP level 2. HP: 17/17 MP: 2/2
   221 | D:1      | Reached skill level 4 in Short Blades
   434 | D:1      | Reached XP level 3. HP: 21/21 MP: 3/3
   603 | D:1      | Found a faded altar of an unknown god.
   692 | D:2      | Noticed Natasha
   696 | D:2      | Killed Natasha
   697 | D:2      | Reached skill level 5 in Short Blades
   697 | D:2      | Reached XP level 4. HP: 26/26 MP: 4/4
  1239 | D:2      | Noticed Natasha
  1247 | D:2      | Killed Natasha
  1248 | D:2      | Reached skill level 6 in Short Blades
  1248 | D:2      | Reached XP level 5. HP: 19/30 MP: 5/5
  1484 | D:2      | Noticed Natasha
  1493 | D:2      | Killed Natasha
  2260 | D:3      | Found a large runed translucent door.
  2260 | D:3      | Found a large runed translucent door.
  2900 | D:3      | Noticed purpskrrrp's ghost (weakling GrEE)
  2904 | D:3      | Killed purpskrrrp's ghost
  2905 | D:3      | Reached skill level 7 in Short Blades
  2959 | D:4      | Reached XP level 6. HP: 35/35 MP: 6/6
  2965 | D:4      | Reached skill level 8 in Short Blades
  3308 | D:4      | Reached skill level 9 in Short Blades
  3319 | D:4      | Reached XP level 7. HP: 40/40 MP: 7/7
  3350 | D:4      | Noticed a water moccasin
  3352 | D:4      | Noticed Sigmund
  3360 | D:4      | Identified a scroll of acquirement
  3360 | D:4      | Acquired a +4 short sword of venom
  3362 | D:4      | Slain by a water moccasin

Illustrated notes

Levels and vault maps discovered:
D:1:      spicycebolla_arrival_clurvy, layout_loops_ring,
          dreamdust_ecumenical_altar_sealed_demon
D:2:      layout_loops_ring, uniq_natasha
D:3:      layout_basic, ebering_ghost_disaster_area
D:4:      layout_basic, temple_green, uniq_sigmund

Skill      XL: |  1  2  3  4  5  6 |
---------------+-------------------+-----
Short Blades   | 3 4 5 6 7 9 |  9.4
Fighting       | |  2.1
Throwing       | |  2.1
Dodging        | |  1.2
Stealth        | |  5.3

Action                   |  1- 3 |  4- 6 |  7- 9 || total
-------------------------+-------+-------+-------++-------
Melee: Dagger            |    33 |    65 |     2 ||   100
       Punch             |       |       |     1 ||     1
  Use: Scroll            |       |       |     2 ||     2
 Stab: Sleeping          |    15 |    16 |     1 ||    32
Armor: Robe              |     6 |     5 |       ||    11
Dodge: Dodged            |    13 |    15 |     4 ||    32

Table legend: (Time is in decaauts)
 A = Elapsed time spent in this place.
 B = Non-inter-level travel time spent in this place.
 C = Inter-level travel time spent in this place.
 D = Time resting spent in this place.
 E = Time spent auto-exploring this place.
 F = Levels seen in this place.
 G = Mean time per level.
                   A        B        C        D        E       F      G
               +--------+--------+--------+--------+--------+-----+--------+
         Total |   3331 |   3263 |     68 |    296 |   2657 |   4 |  832.8 |
       Dungeon |   3331 |   3263 |     68 |    296 |   2657 |   4 |  832.8 |
               +--------+--------+--------+--------+--------+-----+--------+

Top non-repeatable levels by time:
     D:2: 1227 daAuts
     D:3: 1039 daAuts
     D:1: 637 daAuts
     D:4: 426 daAuts
